 Dungeon Crawl Stone Soup version 0.22-a0-445-g8c8ef71 (webtiles) character file.

80 Gorglomux the Covered (level 4, -7/42 HPs)
             Began as a Deep Dwarf Fighter on June 2, 2018.
             Mangled by an orc
             ... wielding a +1 dagger of electrocution
              (18 damage)
             ... on level 4 of the Dungeon.
             The game lasted 00:00:54 (838 turns).

Gorglomux the Covered (Deep Dwarf Fighter)           Turns: 838, Time: 00:00:55

Health: -7/42      AC:  7    Str: 20    XL:     4   Next: 18%
Magic:  3/3        EV:  7    Int:  9    God:
Gold:   52         SH:  9    Dex: 12    Spells: 3/3 levels left

rFire    . . .     SeeInvis .   a - +0 war axe
rCold    . . .     Gourm    .   c - +0 shield
rNeg     . . .     Faith    .   b - +0 scale mail
rPois    .         Spirit   .   (no helmet)
rElec    .         Reflect  .   (no cloak)
rCorr    .         Harm     .   (no gloves)
MR       .....     Rnd*Tele +   (no boots)
Stlth    ..........             (no amulet)
HPRegen  0.00/turn              t - ring of teleportation (curse)
MPRegen  0.08/turn              (no ring)

@: non-regenerating
A: damage resistance, heal wounds, sense surroundings 1, no regeneration
a: Heal Wounds


You were on level 4 of the Dungeon.
You were not hungry.

You visited 1 branch of the dungeon, and saw 4 of its levels.

You collected 52 gold pieces.

Inventory:

Hand Weapons
 a - a +0 war axe (weapon)
 B - a +0 morningstar
Armour
 b - a +0 scale mail (worn)
 c - a +0 shield (worn)
Jewellery
 t - a cursed ring of teleportation (left hand)
Scrolls
 h - 2 scrolls of remove curse {unknown}
 x - 2 scrolls of identify {unknown}
 y - a scroll of noise {unknown}
 z - a scroll of teleportation {unknown}
 A - a scroll of amnesia {unknown}
 C - a scroll of fear {unknown}
Potions
 d - a potion of might
 i - a potion of invisibility {unknown}
 u - a potion of degeneration {unknown}
 v - a potion of mutation {unknown}
 w - a potion of flight {unknown}
Comestibles
 f - a ration
 g - 13 chunks of flesh


   Skills:
 + Level 3.2 Fighting
 + Level 3.1 Axes
 + Level 4.0 Armour
 + Level 4.0 Shields


You had 3 spell levels left.
You didn't know any spells.
Your spell library was empty.

Dungeon Overview and Level Annotations

Branches:
Dungeon (4/15)
 Temple: D:4-7

Altars:
Ashenzari

Annotations:
D:4 Robin


Innate Abilities, Weirdness & Mutations

You are resistant to damage.
You can heal yourself by infusing magical energy.
You passively map a small area around you.
You do not regenerate.


Message History

The hound zombie bites you but does no damage!
You block the hobgoblin's attack!
The orc priest invokes the aid of Beogh against you!
Beogh smites you!!! Robin hits you but does no damage!
The hound zombie bites you but does no damage!
The hobgoblin butts you with a butt!
You carve the hound zombie like a ham!
The hound zombie butts almost destroyed!
You open the hobgoblin like a pillowcase!
You annihilate the hobgoblin!!!
You slice the orc like a ripe choko!
The hound zombie bites you! * * * don't die
* * * Robin closely misses you!
The orc barely misses you! The hound zombie bites you! You block Robin's butt!
You butt-ly miss the hound zombie!
The hound zombie is almost destroyed!
You carve the orc priest like a ham! You closely miss the orc!
You block the hound zombie's attack! The orc hits you but does no damage!
Butt are electrocuted!!! rip

, * * , , , , ,*
* ,* , * , , ,
*,# * ,, ,, ** .#
, , *#####..### ,
, .. # #.... .(..
, *
#...#g#).##.....
,,
......Z@........
,
*,#.%...oo<##.###
* , ....###..# *
#.. #..#* , , , ,
,* #, #..# * ,
.... ,, , #.#.# *
, , , , #.#.# *,
, * ,#.#.# * *


You could see Robin, an orc priest, an orc and a hound zombie.

Vanquished Creatures
  2 adders
  A worm (D:2)
  4 orcs (D:3)
  4 bats
  A giant cockroach (D:1)
  17 goblins
  9 hobgoblins
  4 kobolds
  A quokka (D:3)
  3 frilled lizards
  A quokka skeleton (D:4)
  2 rats (D:1)
49 creatures vanquished.

Notes
Turn   | Place    | Note
-------+----------+-------------------------------------------
     0 | D:1      | Gorglomux the Deep Dwarf Fighter began the quest for the Orb.
     0 | D:1      | Reached XP level 1. HP: 20/20 MP: 1/1
   181 | D:1      | Reached XP level 2. HP: 24/27 MP: 2/2
   492 | D:2      | Found a faded altar of an unknown god.
   498 | D:2      | Reached skill level 3 in Fighting
   498 | D:2      | Reached XP level 3. HP: 15/34 MP: 3/3
   694 | D:3      | Reached skill level 3 in Axes
   737 | D:3      | Found a shattered altar of Ashenzari.
   827 | D:4      | Reached XP level 4. HP: 29/42 MP: 3/3
   829 | D:4      | Noticed Robin
   838 | D:4      | Mangled by an orc

Vault maps used:
D:1:      nicolae_arrival_memento_mori
D:2:      chequers_ecumenical_altar_simple_redux, first_ration,
          minmay_misc_feat_ornament
D:3:      marbit_many_paths, lemuel_doored_altar
D:4:      kennysheep_spiral_hall, trog_eyes_of_draining,
          grunt_temple_overflow_cloverleaf, fedhas_altar_fruit_tree, uniq_robin,
          uniq_crazy_yiuf_cottage, uniq_edmund

Skill      XL: |  1  2  3  4 |
---------------+-------------+-----
Fighting       | 3 |  3.2
Axes           | 3 |  3.1
Armour         | 4 |  4.0
Shields        | 4 |  4.0

Action                   |  1- 3 |  4- 6 || total
-------------------------+-------+-------++-------
Melee: War axe           |   116 |    11 ||   127
 Abil: Heal Wounds       |     1 |       ||     1
Armor: Scale mail        |    56 |    13 ||    69
Dodge: Dodged            |    33 |    11 ||    44
Block: Shield            |    80 |    19 ||    99

Table legend:
 A = Spawn XP
 B = Non-spawn XP
 C = Spawn XP percentage of total XP
 D = Spawn monster count
 E = Non-spawn monster count
 F = Spawn count percentage of total count
 G = Total turns spent on level
                    A         B        C        D         E        F      G
               +---------+---------+-------+---------+---------+-------+---------
         Total |       0 |     115 |   0.0 |       0 |      49 |   0.0 |   838
               +---------+---------+-------+---------+---------+-------+---------
           D:1 |       0 |      23 |   0.0 |       0 |      14 |   0.0 |   433
           D:2 |       0 |      26 |   0.0 |       0 |       7 |   0.0 |    89
           D:3 |       0 |      42 |   0.0 |       0 |      15 |   0.0 |   297
           D:4 |       0 |      24 |   0.0 |       0 |      13 |   0.0 |    19
               +---------+---------+-------+---------+---------+-------+---------
